 Dungeon Crawl Stone Soup version 0.31-a0-523-g071a6c1ffa (webtiles) character file.

Game seed: 4398182235571607507

32183 MacCMillion the Grappler (level 13, -6/159 HPs)
             Began as a Troll Shapeshifter on Aug 11, 2023.
             Was the Champion of Okawaru.
             Mangled by a catoblepas (21 damage)
             ... on level 5 of the Lair of Beasts.
             The game lasted 00:26:47 (16772 turns).

MacCMillion the Grappler (Troll Shapeshifter)      Turns: 16772, Time: 00:26:48

Health: -6/159     AC: 14    Str: 35    XL:     13   Next: 30%
Magic:  14/14      EV:  9    Int:  4    God:    Okawaru [******]
Gold:   918        SH:  5    Dex: 10    Spells: 12/12 levels left

rFire   . .          .
                       - Unarmed
rCold   . . .        (shield currently unavailable)
rNeg    . . .        a - melded +0 animal skin
rPois   .            (helmet currently unavailable)
rElec   .            (cloak currently unavailable)
rCorr   +            (gloves unavailable)
SInv    .            (boots unavailable)
Will    .....        I - amulet of reflection
Stlth   +            q - ring of resist corrosion
HPRegen 1.26/turn    R - +4 ring of protection
MPRegen 0.14/turn

%: reflection
@: lethally poisoned (-6 -> -6), snake-form, weak-willed
A: constrict, boosted hp, large, unfitting armour, (claws 3), regeneration 1,
(shaggy fur 1), (tough skin 1)
a: Begin Untransformation, Renounce Religion, Heroism, Finesse, Duel


You were on level 5 of the Lair of Beasts.
You worshipped Okawaru.
Okawaru was exalted by your worship.
You were an enormous anaconda.
You visited 3 branches of the dungeon, and saw 17 of its levels.
You also visited: Sewer and Bailey.

You collected 918 gold pieces.

Inventory:

Missiles
 n - 24 boomerangs
 o - 25 poisoned darts
 p - 13 atropa-tipped darts
 x - a curare-tipped dart
 O - 5 javelins
 V - 4 datura-tipped darts
 W - 2 throwing nets
Armour
 a - a +0 animal skin (melded)
 C - a +0 cloak
Jewellery
 q - a ring of resist corrosion (left hand)
 I - an amulet of reflection (around neck)
 N - a ring of magical power
 R - a +4 ring of protection (right hand)
 U - a ring of positive energy
 Y - an amulet of guardian spirit
Talismans
 c - a beast talisman
 d - a flux talisman
 t - a serpent talisman (active)
Wands
 u - a wand of digging (7)
 K - a wand of flame (9)
 S - a wand of iceblast (6)
Scrolls
 i - 2 scrolls of immolation
 j - a scroll of enchant armour
 m - 3 scrolls of amnesia
 r - 2 scrolls of acquirement
 v - 3 scrolls of noise
 w - 3 scrolls of revelation
 y - 3 scrolls of poison
 E - a scroll of fear
 F - a scroll of blinking {unknown}
 H - a scroll of butterflies
 J - 2 scrolls of vulnerability
 M - a scroll of fog {unknown}
 P - a scroll of silence {unknown}
 X - 2 scrolls of enchant weapon
 Z - a scroll of torment {unknown}
Potions
 b - a potion of lignification
 e - 3 potions of mutation
 f - 4 potions of attraction
 g - 7 potions of curing
 h - 7 potions of heal wounds
 k - 3 potions of brilliance
 l - a potion of ambrosia
 s - 3 potions of enlightenment {unknown}
 z - 3 potions of invisibility {unknown}
 A - 2 potions of resistance {unknown}
 B - a potion of magic {unknown}
 D - 5 potions of haste
 G - 2 potions of degeneration {unknown}
 L - 4 potions of berserk rage {unknown}
 Q - 2 potions of might {unknown}


   Skills:
 - Level 10.0 Fighting
 - Level 1.5 Dodging
 + Level 14.7 Unarmed Combat
 + Level 3.1 Invocations
 + Level 11.5 Shapeshifting


You had 12 spell levels left.
You didn't know any spells.
Your spell library contained the following spells:

 Spells                   Type           Power      Damage    Failure   Level
 Freeze                   Ice            0%         1d3       50%         1
 Kiss of Death            Conj/Necr      0%         2d5       50%         1
 Scorch                   Fire           0%         2d5       65%         2
 Confusing Touch          Hex            0%         N/A       86%         3
 Frozen Ramparts          Ice            0%         1d1       86%         3
 Hailstorm                Conj/Ice       0%         3d3       86%         3
 Volatile Blastmotes      Fire/Tloc      0%         2d10      86%         3
 Dispel Undead            Necr           0%         3d6       99%         4
 Flame Wave               Conj/Fire      0%         2d4       99%         4
 Fulminant Prism          Conj/Hex       0%         3d5       99%         4
 Iskenderun's Mystic Bla  Conj/Tloc      0%         2d3       99%         4
 Petrify                  Tmut/Erth      0%         N/A       99%         4
 Metabolic Englaciation   Hex/Ice        0%         N/A       100%        5
 Summon Ice Beast         Ice/Summ       Unusable   N/A       N/A         4
 Simulacrum               Ice/Necr       Unusable   N/A       N/A         6
 Summon Cactus Giant      Summ           Unusable   N/A       N/A         6

Dungeon Overview and Level Annotations

Branches:
Dungeon (11/15)            Temple (1/1) D:7            Lair (5/5) D:9
 Shoals (0/4) Lair:2        Snake (0/4) Lair:3        Slime (0/5) Lair:4
    Orc (0/2) D:10          Sewer (visited)          Bailey (visited)

Altars:
Ashenzari
Cheibriados
Dithmenos
Elyvilon
Fedhas
Gozag
Hepliaklqana
Kikubaaqudgha
Makhleb
Nemelex Xobeh
Okawaru
Qazlal
Ru
Sif Muna
Trog
Uskayaw
Wu Jian
Xom
Zin
The Shining One
Jiyva

Annotations:
D:4 Ijyb
D:6 2 transporters, GordonOverkill's ghost, weakling VSDe
D:7 exclusion: orc sorcerer


Innate Abilities, Weirdness & Mutations

You are an enormous anaconda.
You have a powerful constriction melee attack.
Your maximum health is increased.
Your armour is entirely melded.
You are incapable of wielding weapons or throwing items.
You are too large for most types of armour.
((You have claws for hands.))
Your natural rate of healing is unusually fast.
((You are covered in fur. (AC +1)))
((You have tough skin. (AC +1)))


Message History

You feel very sick.
The wyvern hisses angrily.
Unknown command.
You feel very sick.
The wyvern hisses angrily.
The wyvern bites you but does no damage.
You body-slam the wyvern!!
You kill the wyvern!
Okawaru accepts your kill.
You feel sick.
You hear a loud, deep croak!
You feel very sick. The wyvern bites you!
* * * LOW HITPOINT WARNING * * *
You hear an angry hiss.
You hear an angry buzzing noise.
You hear an angry hiss. x2
You body-slam the wyvern!!
You kill the wyvern!
Okawaru accepts your kill.
You feel sick.
You hear a skittering sound.
You hear an angry hiss.
You feel sick.
You hear an angry hiss.
A black mamba comes into view.
The black mamba moves out of view.
You hear an angry hiss. x2
You feel sick.
You hear an angry hiss.
A catoblepas comes into view.
A catoblepas is nearby!
You feel sick.
The catoblepas breathes a plume of calcifying dust at you.
The blast of calcifying dust hits you but does no damage.
Found a bubbling clear potion.
You feel sick. The catoblepas gores you!!
* * * LOW HITPOINT WARNING * * *
You crush the catoblepas!!! You grab the catoblepas.
The catoblepas is heavily wounded.
You constrict the catoblepas, but do no damage.
You feel sick. The catoblepas gores you!!
You die...

.P..#**,,**#PP#,,,,***,,,,,***,,,
.P...,*****.ySl,,***,,,,,,,* ***,
.....,,,**..PPs,**,,,,,,*,** **
.....,,,**..PP.,**,,,,,,,,*
.P...,***##....#****,,,,,**
....#**,,****####,,***,,,,*
..###,,,,,,,*#§.##,,,***,,*
#.#,,,,**,,**##§.##,,,,*******
#..,,,**,,,*,,#§S.#*,,,,,***,* *
.,..,**,,,**,,##Y..#*,,,,,,,** **
,,,,**,,,,*,,,,.....#*,,,,,,* **,
,,,**,,,,**,,,.##....#*,,,,,***,,
*,**,,,,,*,,,..,*.....#*,,,,,*,**
*,**,,,,**,,!.,,*#....#*,,,,,,***
***,,,,,*,,P..,,,*......,,,,,,,,*
**,,,,,*,...,,,,*.P....,,,,,,,**
*,,,,,,,,,,*,**,,,,,,,,,,,,,,,,*


You could see a catoblepas.

Vanquished Creatures
  Snorg (Lair:3)
  A hydra (Lair:5)
  A boulder beetle (Lair:1)
  Erica (D:9)
  2 two-headed ogres
  Urug (D:10)
  A manticore (D:11)
  6 elephants
  2 black mambas
  A merfolk siren (Lair:2)
  A gargoyle (D:11)
  9 cane toads
  Psyche (D:8)
  An unseen horror (D:10)
  3 komodo dragons
  5 trolls
  A polar bear (Lair:2)
  Prince Ribbit (D:6)
  10 blink frogs
  13 wyverns
  A wraith (D:10)
  3 basilisks
  37 yaks
  A shadow (D:11)
  Eustachio (D:4)
  Grum (Lair:1)
  A steam dragon (D:8)
  Menkaure (D:4)
  3 acid dragons
  21 water moccasins
  12 orc warriors
  2 sky beasts
  4 black bears
  3 ice beasts
  An ogre (D:4)
  11 wolves
  A centaur (D:9)
  A phantom (D:6)
  3 kobold brigands (Sewer)
  17 bullfrogs
  2 gnoll sergeants
  A scorpion (D:5)
  2 wights (D:9)
  3 killer bees (D:7)
  3 howler monkeys
  3 hounds
  2 jellies
  6 orc priests
  A gnoll bouda (D:10)
  3 iguanas
  A sleepcap (D:7)
  11 orc wizards
  21 gnolls
  12 adders
  6 river rats
  An ufetubus (D:7)
  6 worms
  2 dart slugs
  44 orcs
  7 endoplasms
  A giant cockroach (D:4)
  5 goblins
  7 hobgoblins
  2 jackals (D:2)
  18 kobolds
  4 quokkas
  9 ball pythons
  6 bats
  33 rats
409 creatures vanquished.

Notes
Turn   | Place    | Note
-------+----------+-------------------------------------------
     0 | D:1      | MacCMillion the Troll Shapeshifter began the quest for the
                  | Orb.
     0 | D:1      | Reached XP level 1. HP: 18/18 MP: 0/0
   198 | D:1      | Reached XP level 2. HP: 26/26 MP: 1/1
   780 | D:2      | Reached skill level 4 in Unarmed Combat
   792 | D:2      | Reached XP level 3. HP: 29/32 MP: 2/2
  1358 | D:2      | Reached XP level 4. HP: 40/40 MP: 3/3
  1782 | D:3      | Noticed an ice beast
  1848 | D:2      | Reached skill level 5 in Unarmed Combat
  1949 | D:3      | Killed an ice beast
  1950 | D:3      | Reached skill level 6 in Unarmed Combat
  1950 | D:3      | Reached XP level 5. HP: 46/46 MP: 4/4
  2169 | D:4      | Noticed Ijyb
  2259 | D:4      | Noticed Menkaure
  2264 | D:4      | Killed Menkaure
  2265 | D:4      | Reached skill level 7 in Unarmed Combat
  2265 | D:4      | Reached XP level 6. HP: 54/54 MP: 5/5
  2347 | D:4      | Noticed Eustachio
  2364 | D:4      | Killed Eustachio
  2365 | D:4      | Reached skill level 8 in Unarmed Combat
  2365 | D:4      | Reached XP level 7. HP: 11/61 MP: 6/6
  2544 | D:4      | Reached skill level 1 in Fighting
  3136 | D:5      | Entered Level 5 of the Dungeon
  3385 | D:5      | Found an ancient bone altar of Kikubaaqudgha.
  3458 | D:5      | Found a glowing drain.
  3470 | Sewer    | Entered a sewer
  3529 | Sewer    | Reached XP level 8. HP: 57/72 MP: 7/7
  3540 | Sewer    | Reached skill level 5 in Shapeshifting
  4407 | D:5      | Identified the +3 mace of Dried Tears {protect, rElec}
  4619 | D:6      | Noticed Prince Ribbit
  4625 | D:6      | Killed Prince Ribbit
  4990 | D:6      | Noticed GordonOverkill's ghost (weakling VSDe)
  4992 | D:6      | Found a transporter.
  4997 | D:6      | Found a transporter.
  5224 | D:6      | Reached XP level 9. HP: 76/80 MP: 8/8
  5875 | D:7      | Noticed an orc sorcerer
  5880 | D:7      | Found a staircase to the Ecumenical Temple.
  5892 | Temple   | Entered the Ecumenical Temple
  5952 | Temple   | Became a worshipper of Warmaster Okawaru
  6052 | D:7      | Reached skill level 9 in Unarmed Combat
  6122 | D:7      | Reached skill level 1 in Invocations
  6643 | D:8      | Noticed Psyche
  6647 | D:8      | Killed Psyche
  6667 | D:8      | Reached * piety under Okawaru
  6840 | D:8      | Found a flagged portal.
  6862 | Bailey   | Entered a bailey
  7033 | Bailey   | Reached ** piety under Okawaru
  7101 | Bailey   | Reached XP level 10. HP: 93/93 MP: 11/11
  7373 | Bailey   | Noticed an orc knight
  7373 | Bailey   | Noticed an orc knight
  7381 | Bailey   | HP: 2/107 [orc knight/+0 halberd (11)]
  7860 | D:8      | Found a snail-covered altar of Cheibriados.
  8172 | D:9      | Reached skill level 10 in Unarmed Combat
  8174 | D:9      | Reached skill level 5 in Fighting
  8223 | D:9      | Reached *** piety under Okawaru
  8347 | D:9      | Found a staircase to the Lair.
  8438 | D:9      | Identified the +3 dagger "Naluv" {holy, Str+2}
  8685 | D:9      | Found a white marble altar of Elyvilon.
  8876 | D:9      | Reached **** piety under Okawaru
  9280 | D:10     | Entered Level 10 of the Dungeon
  9292 | D:10     | Noticed Erica
  9621 | D:10     | Noticed a two-headed ogre
  9644 | D:9      | Killed Erica
  9645 | D:9      | Reached XP level 11. HP: 34/105 MP: 10/12
  9832 | D:10     | Killed a two-headed ogre
  9833 | D:10     | Reached skill level 11 in Unarmed Combat
 10049 | D:10     | Reached ***** piety under Okawaru
 10303 | D:10     | Found a sparkling altar of Nemelex Xobeh.
 10305 | D:10     | Found a burning altar of Makhleb.
 10353 | D:10     | Found a broken altar of Ashenzari.
 10423 | D:10     | Found a staircase to the Orcish Mines.
 10619 | D:10     | Noticed Urug
 10634 | D:10     | Killed Urug
 10635 | D:10     | Reached skill level 10 in Shapeshifting
 11303 | D:11     | Noticed a two-headed ogre
 11314 | D:11     | Killed a two-headed ogre
 11315 | D:11     | Reached skill level 12 in Unarmed Combat
 12039 | Lair:1   | Entered Level 1 of the Lair of Beasts
 12111 | Lair:1   | Received a gift from Okawaru
 12495 | Lair:1   | Noticed a boulder beetle
 12506 | Lair:1   | Killed a boulder beetle
 12507 | Lair:1   | Reached XP level 12. HP: 102/122 MP: 13/13
 12640 | Lair:1   | Noticed Grum
 12650 | Lair:1   | Killed Grum
 12650 | Lair:1   | Reached ****** piety under Okawaru
 13068 | Lair:2   | Reached skill level 13 in Unarmed Combat
 13297 | Lair:2   | Found a broken altar of Ashenzari.
 13449 | Lair:2   | Received a gift from Okawaru
 13872 | Lair:2   | Found a staircase to the Shoals.
 14067 | Lair:3   | Noticed Snorg
 14077 | Lair:3   | Identified 2 scrolls of acquirement
 14096 | Lair:3   | Killed Snorg
 14459 | Lair:3   | Found a staircase to the Snake Pit.
 14607 | Lair:2   | Reached skill level 10 in Fighting
 15913 | Lair:4   | Found a viscous altar of Jiyva.
 15913 | Lair:4   | Found a staircase to the Slime Pits.
 15960 | Lair:4   | Reached skill level 14 in Unarmed Combat
 15980 | Lair:4   | Received a gift from Okawaru
 16138 | Lair:4   | Reached XP level 13. HP: 133/133 MP: 14/14
 16497 | Lair:5   | Entered Level 5 of the Lair of Beasts
 16772 | Lair:5   | Mangled by a catoblepas

Illustrated notes

Levels and vault maps discovered:
D:1:      eino_arrival_cavern_b, layout_basic
D:2:      layout_basic, grunt_decor_resistance
D:3:      layout_rooms
D:4:      layout_basic, nicolae_kite_square_tiling_tiny, uniq_eustachio,
          uniq_menkaure, uniq_ijyb
D:5:      layout_rooms, lemuel_crystal_altar, lightli_sewer_entry_pipes
D:6:      layout_cave_pools, gammafunk_ghost_hive, uniq_prince_ribbit1
D:7:      cheibrodos_wizards_tower, layout_basic, temple_pool_b,
          serial_bayou_crossing
D:8:      layout_loops_ring, mainiacjoe_overflow_24_doors, enter_bailey_4,
          uniq_psyche
D:9:      layout_basic, elyvilon_altar_5, minmay_lair_entry_grove,
          kennysheep_generic_room_8
D:10:     layout_irregular_city, cheibrodos_ashenzari_chains,
          nicolae_overflow_hidden_temple, david_orc_2, uniq_urug, uniq_erica
D:11:     layout_loops_ring
Temple:   eino_temple_water
Lair:1:   layout_chaotic_city, grunt_megastairs_4, infiniplex_staircase_pool_2,
          serial_bayou_shore_b, uniq_grum
Lair:2:   layout_small_grid, minmay_shoals_entry_lonely_mermaid, basic_altar
Lair:3:   layout_cave_pods, dummy_snake_entry, grunt_megastairs_5, uniq_snorg
Lair:4:   layout_gridlike, dpeg_slime_entry_enclosed
Lair:5:   hangedman_lair_tendril_chambers, layout_cave_pods,
          nicolae_lair_grazing_beasts [nicolae_sub_lair_graze_edge,
          nicolae_sub_lair_graze_edge, nicolae_sub_lair_graze_edge,
          nicolae_sub_lair_graze_edge]

Skill      XL: |  1  2  3  4  5  6  7  8  9 10 11 12 |
---------------+-------------------------------------+-----
Unarmed Combat | 4 6 7 8 9 10 12 14 | 14.7
Fighting       | 2 4 6 8 10 | 10.0
Shapeshifting  | 4 7 8 9 10 11 | 11.5
Invocations    | 2 3 |  3.1
Dodging        | |  1.5

Action                     |  1- 3 |  4- 6 |  7- 9 | 10-12 | 13-15 || total
---------------------------+-------+-------+-------+-------+-------++-------
  Melee: Unarmed           |    70 |    67 |   294 |   499 |    76 ||  1006
         Punch             |       |     2 |     5 |       |       ||     7
         Constrict         |       |       |    24 |   117 |    12 ||   153
  Throw: Dart              |       |       |     2 |       |       ||     2
 Invoke: Heroism           |       |       |       |     3 |     1 ||     4
    Use: Scroll            |       |       |     4 |     6 |     8 ||    18
         Potion            |       |       |     1 |       |     4 ||     5
   Stab: Sleeping          |     2 |       |       |       |       ||     2
 Armour: Animal skin       |    18 |    13 |    37 |       |       ||    68
         Skin              |       |       |    57 |   146 |    60 ||   263
  Dodge: Dodged            |    34 |    32 |   129 |   149 |    40 ||   384
  Block: Other             |       |       |       |    92 |    32 ||   124
   Form: Anaconda          |       |       |     1 |       |       ||     1

Table legend: (Time is in decaauts)
 A = Elapsed time spent in this place.
 B = Non-inter-level travel time spent in this place.
 C = Inter-level travel time spent in this place.
 D = Time resting spent in this place.
 E = Time spent auto-exploring this place.
 F = Levels seen in this place.
 G = Mean time per level.
                   A        B        C        D        E       F      G
               +--------+--------+--------+--------+--------+-----+--------+
         Total |  16589 |  16059 |    530 |   3723 |   9220 |  19 |  873.1 |
       Dungeon |  10632 |  10220 |    412 |   2410 |   5968 |  11 |  966.5 |
        Temple |     70 |     61 |      9 |      0 |      0 |   1 |   70.0 |
          Lair |   4655 |   4546 |    109 |    785 |   3042 |   5 |  931.0 |
         Sewer |    718 |    718 |      0 |    230 |    181 |   1 |  718.0 |
        Bailey |    512 |    512 |      0 |    298 |     29 |   1 |  512.0 |
               +--------+--------+--------+--------+--------+-----+--------+

Top non-repeatable levels by time:
     D:9: 1670 daAuts
  Lair:2: 1369 daAuts
  Lair:3: 1318 daAuts
     D:7: 1228 daAuts
    D:11: 1211 daAuts
     D:2: 1063 daAuts
     D:8: 1012 daAuts
     D:4: 990 daAuts
  Lair:1: 979 daAuts
    D:10: 975 daAuts
     D:5: 879 daAuts
     D:1: 763 daAuts
  Lair:4: 753 daAuts
   Sewer: 718 daAuts
  Bailey: 512 daAuts
